 Dungeon Crawl Stone Soup version 0.26-a0-450-ge645bd13c1 (webtiles) character file.

Game seed: 16276800504104464784

31976 DeltaSign the Severer (level 13, -2/192 HPs)
             Began as a Minotaur Berserker on July 27, 2020.
             Was a High Priest of Trog.
             Succumbed to a cane toad's poison
             ... on level 6 of the Lair of Beasts.
             The game lasted 00:33:54 (21071 turns).

DeltaSign the Severer (Minotaur Berserker)         Turns: 21071, Time: 00:33:54

Health: -2/192     AC: 18    Str: 23    XL:     13   Next: 28%
Magic:  12/12      EV:  6    Int:  4    God:    Trog [*****.]
Gold:   1040       SH:  4    Dex: 14    Spells: 12/12 levels left

rFire    . . .     SeeInvis .   p - +0 war axe
rCold    + . .     Faith    .   L - +0 buckler
rNeg     . . .     Spirit   .   K - +0 plate armour
rPois    .         Reflect  .   R - +2 hat
rElec    .         Harm     .   v - +0 cloak
rCorr    .                      y - +1 pair of gloves
MR       +....                  o - +0 pair of boots
Stlth    ..........             r - amulet of magic regeneration
HPRegen  0.42/turn              H - ring of protection from cold
MPRegen  0.38/turn              g - ring of protection from magic

@: berserking (expiring), lethally poisoned (-2 -> -69), extremely drained, very
quick
A: retaliatory headbutt, horns 2
a: Berserk, Trog's Hand, Brothers in Arms, Renounce Religion


You were on level 6 of the Lair of Beasts.
You worshipped Trog.
Trog was extremely pleased with you.
You visited 2 branches of the dungeon, and saw 18 of its levels.

You collected 1040 gold pieces.

Inventory:

Hand Weapons
 p - a +0 war axe (weapon)
 w - the +6 hand axe of Governance {flame, rN+ MR- Int+8 Stlth-}
   (Trog gifted it to you on level 9 of the Dungeon)

   It has been specially enchanted to burn those struck by it, causing extra
   injury to most foes and up to half again as much damage against particularly
   susceptible opponents.
   Big, fiery blades are also staple armaments of hydra-hunters.
   It affects your intelligence (+8).
   It protects you from negative energy.
   It affects your resistance to hostile enchantments.
   It makes you less stealthy.
Armour
 o - a +0 pair of boots (worn)
 v - a +0 cloak (worn)
 y - a +1 pair of gloves (worn)
 K - a +0 plate armour (worn)
 L - a +0 buckler (worn)
 R - a +2 hat (worn)
Jewellery
 g - a ring of protection from magic (right hand)
 r - an amulet of magic regeneration (around neck)
 A - an uncursed ring of flight
 H - a ring of protection from cold (left hand)
 O - the ring "Ziungoma" {Fire +Inv Stlth+}
   (You found it on level 4 of the Lair of Beasts)

   [ring of fire]

   It enhances your fire magic.
   It protects you from fire.
   It makes you vulnerable to cold.
   It lets you turn invisible.
   It makes you more stealthy.
 T - an uncursed ring of see invisible
Wands
 b - a wand of disintegration (8)
 e - a wand of paralysis (3)
 f - a wand of iceblast (31)
 n - a wand of acid (15)
 u - a wand of random effects (63)
 E - a wand of digging (3)
 P - a wand of polymorph (17)
 Q - a wand of flame (34)
Scrolls
 c - 7 scrolls of remove curse
 j - 13 scrolls of teleportation
 k - 3 scrolls of immolation
 l - 4 scrolls of blinking
 z - 5 scrolls of torment
 B - 3 scrolls of magic mapping
 D - 3 scrolls of fog
 F - 3 scrolls of fear
 J - a scroll of acquirement {unknown}
 M - a scroll of enchant armour {unknown}
 N - 5 scrolls of enchant weapon {unknown}
 S - a scroll of holy word {unknown}
 U - a scroll of identify
Potions
 a - 3 potions of curing
 d - 3 potions of ambrosia
 h - 5 potions of heal wounds
 i - 3 potions of resistance
 m - 2 potions of mutation
 q - 2 potions of haste
 s - a potion of lignification {unknown}
 t - a potion of magic {unknown}
 x - a potion of invisibility {unknown}
 C - 2 potions of flight {unknown}
 G - 2 potions of stabbing
 I - 2 potions of might {unknown}


   Skills:
 * Level 15.9(7.9) Fighting
 * Level 15.9(7.9) Axes
 + Level 11.7(4.4) Armour
 - Level 2.1(0.0) Dodging
 * Level 8.5(1.8) Shields


You had 12 spell levels left.
You didn't know any spells.
Your spell library was empty.

Dungeon Overview and Level Annotations

Branches:
Dungeon (12/15)            Temple (0/1) D:5            Lair (6/6) D:8
 Shoals (0/4) Lair:4        Snake (0/4) Lair:3        Slime (0/5) Lair:5
    Orc (0/2) D:12

Altars:
Dithmenos
Kikubaaqudgha
Okawaru
Ru
Sif Muna
Xom
Jiyva

Shops:
D:4 :


Innate Abilities, Weirdness & Mutations

You reflexively headbutt those who attack you in melee.
You have a pair of horns on your head.


Message History

The cane toad is severely wounded.
* * * LOW HITPOINT WARNING * * *
You feel very sick. The cane toad stings you!
* * * LOW HITPOINT WARNING * * *
The cane toad stings you but does no damage.
You hit the cane toad.
The cane toad is almost dead.
You hit the crocodile.
* * * LOW HITPOINT WARNING * * *
You feel very sick. The crocodile barely misses you. You furiously retaliate!
You headbutt the crocodile! The cane toad stings you!
* * * LOW HITPOINT WARNING * * *
You are more poisoned.
The cane toad poisons you!
You hit the cane toad.
The cane toad is almost dead.
You hit the crocodile.
You die...

..... ..P.
..#.....#......
..#...... <...#
........#P....#
.. ......#....
... ##....#..
..P. #P..†#F#
....##...t@.#
...+......"##
...........#
...........#
P........#.#
P..###P...##
##. #...##
#...# #....#
......#....#


You could see a cane toad and a crocodile.

Vanquished Creatures
  3 hydras
  3 two-headed ogres
  A death yak (Lair:5)
  Sonja (D:11)
  An obsidian statue (Lair:5)
  A lindwurm (Lair:5)
  A wolf spider zombie (D:10)
  2 ugly things (D:11)
  A merfolk siren (Lair:4)
  A cyclops (D:12)
  Joseph (D:7)
  4 black mambas
  3 rime drakes
  8 cane toads
  10 komodo dragons
  A troll (D:12)
  Prince Ribbit (D:7)
  A hornet (D:9)
  8 blink frogs (Lair:5)
  6 dream sheep (Lair:4)
  7 hippogriffs
  Sigmund (D:3)
  A wraith (D:8)
  2 wyverns
  11 yaks
  Eustachio (D:5)
  4 basilisks
  5 nagas (Lair:3)
  4 water moccasins
  Duvessa (D:7)
  6 porcupines
  5 orc warriors
  A swamp drake (D:12)
  3 ice beasts
  3 phantoms
  2 wolves (D:8)
  A black bear (D:8)
  2 necrophages (D:8)
  5 ogres
  3 centaurs
  9 crocodiles
  3 big kobolds
  Blork the orc (D:5)
  6 bullfrogs
  An elf skeleton (D:8)
  A wyvern skeleton (D:10)
  7 scorpions
  Dowan (D:7)
  4 killer bees (D:10)
  13 wights
  2 electric eels
  4 crimson imps (D:7)
  3 centaur zombies
  10 orc priests
  A quasit (D:9)
  9 hounds
  Crazy Yiuf (D:3)
  5 human zombies (D:8)
  2 centaur skeletons
  3 jellies
  7 bullfrog skeletons
  4 iguanas
  Terence (D:3)
  20 orc wizards
  10 worker ants
  A hound zombie (D:6)
  4 gnolls
  18 adders
  3 shadow imps (D:7)
  4 white imps
  An adder zombie (D:5)
  An adder skeleton (D:7)
  4 worms (D:2)
  2 dart slugs
  5 leopard geckos
  42 orcs
  A ball python (D:1)
  10 giant cockroaches
  8 goblins
  9 hobgoblins
  17 jackals
  7 quokkas
  9 bats
  7 frilled lizards
  24 kobolds
  A leopard gecko skeleton (D:4)
  A leopard gecko zombie (D:7)
  An orc zombie (D:8)
  2 quokka zombies
  8 rats
  A fungus (Lair:5)
  2 plants (Lair:5)
447 creatures vanquished.

Vanquished Creatures (others)
  A crimson imp (D:7)
  2 fungi (Lair:6)
  A plant (Lair:6)
4 creatures vanquished.

Grand Total: 451 creatures vanquished

Notes
Turn   | Place    | Note
-------+----------+-------------------------------------------
     0 | D:1      | DeltaSign the Minotaur Berserker began the quest for the
                  | Orb.
     0 | D:1      | Reached XP level 1. HP: 19/19 MP: 0/0
    81 | D:1      | You fall into a shaft and drop 1 floor!
    89 | D:2      | Reached XP level 2. HP: 12/28 MP: 1/1
    89 | D:2      | Reached XP level 3. HP: 15/34 MP: 2/2
   499 | D:1      | Reached XP level 4. HP: 20/41 MP: 3/3
   715 | D:1      | Reached ** piety under Trog
  1472 | D:1      | Reached skill level 5 in Fighting
  1660 | D:2      | Reached skill level 5 in Axes
  2401 | D:3      | Reached XP level 5. HP: 48/48 MP: 4/4
  2445 | D:3      | Found a runed translucent door.
  2446 | D:3      | Noticed Crazy Yiuf
  3229 | D:3      | Noticed Terence
  3238 | D:3      | Killed Terence
  3238 | D:3      | Reached XP level 6. HP: 52/57 MP: 5/5
  3353 | D:3      | Noticed Sigmund
  3364 | D:3      | Killed Sigmund
  3654 | D:3      | Killed Crazy Yiuf
  3886 | D:4      | Reached XP level 7. HP: 57/64 MP: 6/6
  3890 | D:4      | Reached *** piety under Trog
  4241 | D:4      | Found Kathat's Book Shop.
  4649 | D:5      | Entered Level 5 of the Dungeon
  4656 | D:5      | Reached skill level 5 in Armour
  4792 | D:5      | Noticed Blork the orc
  4809 | D:5      | Killed Blork the orc
  4809 | D:5      | Reached XP level 8. HP: 40/74 MP: 7/7
  4970 | D:5      | Found a staircase to the Ecumenical Temple.
  5023 | D:5      | Found an ancient bone altar of Kikubaaqudgha.
  5289 | D:5      | Noticed Eustachio
  5316 | D:5      | Killed Eustachio
  5889 | D:6      | Reached **** piety under Trog
  6579 | D:7      | Reached XP level 9. HP: 85/85 MP: 8/8
  6769 | D:7      | Noticed Joseph
  6782 | D:7      | Killed Joseph
  6782 | D:7      | Reached skill level 10 in Fighting
  6782 | D:7      | Reached skill level 10 in Axes
  7084 | D:7      | Noticed Dowan
  7084 | D:7      | Noticed Duvessa
  7085 | D:7      | Noticed Prince Ribbit
  7096 | D:7      | Killed Dowan
  7097 | D:7      | Killed Prince Ribbit
  7102 | D:7      | Killed Duvessa
  8310 | D:8      | Reached XP level 10. HP: 63/96 MP: 9/9
  8519 | D:8      | Found an ancient bone altar of Kikubaaqudgha.
  8764 | D:8      | Found a shimmering blue altar of Sif Muna.
  8850 | D:8      | Reached ***** piety under Trog
  8907 | D:8      | Found a staircase to the Lair.
  9558 | D:9      | Received a gift from Trog
  9564 | D:9      | Got a crude hand axe {god gift}
  9565 | D:9      | Identified the +6 hand axe of Governance {flame, rN+ MR-
                  | Int+8 Stlth-} (Trog gifted it to you on level 9 of the
                  | Dungeon)
  9922 | D:9      | Found a sacrificial altar of Ru.
 10194 | D:9      | Noticed a two-headed ogre
 10202 | D:9      | Killed a two-headed ogre
 10653 | D:9      | Noticed a two-headed ogre
 10659 | D:9      | Killed a two-headed ogre
 10659 | D:9      | Reached XP level 11. HP: 70/107 MP: 10/10
 10813 | D:9      | Found a sacrificial altar of Ru.
 10813 | D:9      | Found a shadowy altar of Dithmenos.
 10815 | D:9      | Found a shimmering altar of Xom.
 11008 | D:10     | Entered Level 10 of the Dungeon
 11991 | D:11     | Noticed a red ugly thing
 12004 | D:11     | Killed a red ugly thing
 12004 | D:11     | Reached skill level 10 in Armour
 12575 | D:11     | Found an iron altar of Okawaru.
 12773 | D:11     | Noticed Sonja
 12773 | D:11     | Noticed a cyan ugly thing
 12782 | D:11     | Killed a cyan ugly thing
 12807 | D:11     | HP: 5/110 [poisoned by Sonja]
 12813 | D:11     | HP: 3/110 [poisoned by Sonja]
 12819 | D:11     | HP: 2/110 [poisoned by Sonja]
 12826 | D:11     | Killed Sonja
 13419 | D:12     | Reached skill level 1 in Shields
 13743 | D:12     | Noticed a two-headed ogre
 13751 | D:12     | Killed a two-headed ogre
 14151 | D:12     | Found a staircase to the Orcish Mines.
 14341 | Lair:1   | Entered Level 1 of the Lair of Beasts
 14602 | Lair:1   | Reached XP level 12. HP: 118/118 MP: 11/11
 16176 | Lair:3   | Reached ****** piety under Trog
 16235 | Lair:3   | Reached skill level 5 in Shields
 16687 | Lair:3   | Reached skill level 15 in Axes
 16934 | Lair:3   | Reached skill level 15 in Fighting
 16976 | Lair:3   | Found a staircase to the Snake Pit.
 16976 | Lair:3   | Noticed a six-headed hydra
 16987 | Lair:3   | Received a gift from Trog
 16988 | Lair:3   | Killed a one-headed hydra
 18203 | Lair:4   | Got a wavering platinum ring
 18205 | Lair:4   | Identified the ring "Ziungoma" {Fire +Inv Stlth+} (You
                  | found it on level 4 of the Lair of Beasts)
 18291 | Lair:4   | Found a staircase to the Shoals.
 18711 | Lair:5   | Found a staircase to the Slime Pits.
 18711 | Lair:5   | Found a viscous altar of Jiyva.
 19186 | Lair:5   | Reached XP level 13. HP: 127/127 MP: 12/12
 20849 | Lair:5   | Found the +3 salamander hide armour {Flames rF++ rC--}
 21043 | Lair:6   | Entered Level 6 of the Lair of Beasts
 21070 | Lair:6   | HP: 2/192 [cane toad (13)]
 21071 | Lair:6   | Succumbed to a cane toad's poison

Illustrated notes

Levels and vault maps discovered:
D:1:      lemuel_arrival_cross, layout_basic, serial_bayou_pond_d, st_stairs_5
D:2:      layout_basic
D:3:      layout_basic, uniq_terence, uniq_crazy_yiuf_cottage, uniq_sigmund
D:4:      minmay_inner_zag, layout_basic, serial_shops, shop
D:5:      layout_basic, lemuel_doored_altar, minmay_temple_entry_hall,
          serial_glass, glass_columns_a, glass_columns_a, uniq_blork_the_orc,
          uniq_eustachio
D:6:      layout_basic, hex_intersection
D:7:      layout_basic, serial_glass, glass_columns_a, glass_columns_a,
          minmay_nine_imps, uniq_joseph, uniq_prince_ribbit1, uniq_duvessa
D:8:      layout_loops_corners, led_sif_book, minmay_lair_entry_grove,
          lemuel_mausoleum_altar_kikubaaqudgha
D:9:      layout_basic, gammafunk_temple_overflow_claw,
          nicolae_ru_great_annihilating_truth
D:10:     layout_cave_pools, minmay_fountain_box
D:11:     layout_irregular_city, minmay_misc_feat_doors,
          okawaru_ov_weapons_minmay, uniq_sonja
D:12:     layout_basic, erik_orc_1
Lair:1:   layout_hall_layers
Lair:2:   layout_cave_pods
Lair:3:   layout_loops_ring, minmay_snake_entry_guardpost_medium,
          nicolae_quartered_pool_little
Lair:4:   layout_gridlike, minmay_shoals_entry_lonely_mermaid
Lair:5:   statuecave_lemuel, layout_layer_cave, slime_altar_1,
          minmay_shattered_shrine, lemuel_fruit_fields
Lair:6:   evilmike_catoblepas_cave, layout_regular_city,
          gammafunk_ghost_abyssal_escape, lemuel_centaur_altar,
          infiniplex_staircase_pool, uniq_snorg

Skill      XL: |  1  2  3  4  5  6  7  8  9 10 11 12 13 |
---------------+----------------------------------------+-----
Fighting       | 4 5 6 8 9 11 13 14 15 | 15.9
Axes           | 4 5 6 8 9 11 13 14 15 | 15.9
Armour         | 3 4 5 6 8 9 10 11 | 11.7
Shields        | 3 7 8 |  8.5
Dodging        | |  2.1

Action                   |  1- 3 |  4- 6 |  7- 9 | 10-12 | 13-15 || total
-------------------------+-------+-------+-------+-------+-------++-------
Melee: Hand axe          |    32 |   160 |   171 |     5 |       ||   368
       Headbutt          |     8 |    31 |    77 |   169 |    47 ||   332
       War axe           |       |       |   134 |   333 |   153 ||   620
       Battleaxe         |       |       |    28 |   316 |       ||   344
Invok: Berserk           |     1 |     2 |     2 |     3 |     2 ||    10
 Abil: Evoke Flight      |       |       |       |       |     2 ||     2
Evoke: Wand              |       |       |       |     2 |     2 ||     4
  Use: Scroll            |       |     5 |     6 |     8 |       ||    19
       Potion            |       |       |       |     2 |       ||     2
 Stab: Sleeping          |       |     3 |       |       |       ||     3
       Distracted        |       |     1 |       |       |       ||     1
       Paralysed         |       |       |       |     2 |       ||     2
Armor: Animal skin       |     6 |    17 |       |       |       ||    23
       Ring mail         |       |    18 |       |       |       ||    18
       Chain mail        |       |     5 |   156 |    44 |       ||   205
       Plate armour      |       |       |       |   323 |   119 ||   442
Dodge: Dodged            |    19 |   103 |   155 |   263 |    63 ||   603
Block: Buckler           |       |       |       |    55 |    49 ||   104

Table legend: (Time is in decaauts)
 A = Elapsed time spent in this place.
 B = Non-inter-level travel time spent in this place.
 C = Inter-level travel time spent in this place.
 D = Time resting spent in this place.
 E = Time spent auto-exploring this place.
 F = Levels seen in this place.
 G = Mean time per level.
                   A        B        C        D        E       F      G
               +--------+--------+--------+--------+--------+-----+--------+
         Total |  21053 |  20423 |    630 |   2168 |  15553 |  18 | 1169.6 |
       Dungeon |  14426 |  13930 |    496 |    781 |  11192 |  12 | 1202.2 |
          Lair |   6627 |   6493 |    134 |   1387 |   4361 |   6 | 1104.5 |
               +--------+--------+--------+--------+--------+-----+--------+

Top non-repeatable levels by time:
  Lair:5: 2326 daAuts
     D:8: 1627 daAuts
     D:9: 1537 daAuts
    D:11: 1517 daAuts
     D:2: 1460 daAuts
     D:7: 1371 daAuts
  Lair:4: 1263 daAuts
     D:3: 1253 daAuts
  Lair:3: 1228 daAuts
     D:5: 1179 daAuts
     D:1: 1153 daAuts
  Lair:2: 962 daAuts
    D:12: 941 daAuts
    D:10: 852 daAuts
  Lair:1: 819 daAuts
